[Event "Titled Tuesday Blitz March 07 Early 2023"]
[White "Gontcharov, Vladislav"]
[Black "Garrido, Denis"]
[WhiteFideId "4123492"]
[BlackFideId "601217"]
[WhiteElo "2470"]
[BlackElo "2275"]
[Result "1-0"]
[Round "10"]
[TimeControl "180+2"]
[Date "2023.03.07"]
[WhiteClock "0:00:49"]
[BlackClock "0:00:41"]

1. d4 Nf6 2. c4 e6 3. Nc3 Bb4 4. e3 O-O 5. Bd3 c5 6. Ne2 d5 7. a3 Bxc3+ 8. bxc3 dxc4 9. Bxc4 Qc7 10. Bd3 b6 11. O-O Bb7 12. f3 Nbd7 13. e4 e5 14. d5 Ne8 15. c4 Nd6 16. a4 Rae8 17. Qc2 Bc8 18. Nc3 g6 19. a5 f5 20. axb6 axb6 21. Be3 Kh8 22. Qa4 Nf6 23. Bg5 Nh5 24. exf5 Bxf5 25. Bxf5 gxf5 26. Qc6 Qg7 27. Bc1 Nxc4 28. Bh6 Qg8 29. Bxf8 Rxf8 30. Kh1 Nf4 31. Rg1 Ne3 32. d6 Qg6 33. Ra8 Rxa8 34. Qxa8+ Kg7 35. d7 Nh5 36. d8=Q f4 37. Qf8# 1-0


[Site "https://www.chess.com"]

[Event "Titled Tuesday Blitz March 07 Early 2023"]
[White "Delorme, Alban"]
[Black "Janaszak, Dawid"]
[WhiteFideId "623636"]
[BlackFideId "1119206"]
[WhiteElo "2196"]
[BlackElo "2220"]
[Result "0-1"]
[Round "10"]
[TimeControl "180+2"]
[Date "2023.03.07"]
[WhiteClock "0:01:47"]
[BlackClock "0:02:14"]

1. e4 c5 2. Nf3 Nc6 3. d4 cxd4 4. Nxd4 g6 5. Nc3 Bg7 6. Be3 Nf6 7. Bc4 O-O 8. Bb3 Re8 9. O-O d6 10. a3 Ng4 11. Nxc6 bxc6 12. Qf3 Rf8 13. Bg5 Qa5 14. Bxe7 Qe5 15. Bxd6 Qxd6 16. g3 Ne5 17. Qe2 Bh3 18. Rfd1 Qc5 19. Na4 Qe7 20. f4 Bg4 0-1


[Site "https://www.chess.com"]

[Event "Titled Tuesday Blitz March 07 Early 2023"]
[White "Zarnicki, Pablo"]
[Black "Larina, Maria"]
[WhiteFideId "100137"]
[BlackFideId "24113182"]
[WhiteElo "2468"]
[BlackElo "1848"]
[Result "1-0"]
[Round "10"]
[TimeControl "180+2"]
[Date "2023.03.07"]
[WhiteClock "0:00:30"]
[BlackClock "0:00:10"]

1. e4 c6 2. d4 d5 3. e5 Bf5 4. h4 h5 5. Bd3 Bxd3 6. Qxd3 e6 7. Nf3 Ne7 8. c3 Nd7 9. Nbd2 Ng6 10. Nb3 a5 11. Bg5 Qb6 12. O-O a4 13. Nbd2 c5 14. Rfe1 c4 15. Qc2 Be7 16. g3 O-O 17. Bxe7 Nxe7 18. Ng5 Ng6 19. Rab1 Rfc8 20. Qd1 Ndf8 21. Qxh5 a3 22. b3 cxb3 23. Rxb3 Qa6 24. Reb1 Rc7 25. Qf3 Rac8 26. h5 Nh8 27. h6 gxh6 28. Nh3 Nfg6 29. c4 dxc4 30. Rxa3 Qc6 31. Ne4 Kg7 32. Qf6+ Kg8 33. Nd6 Rf8 34. Rc3 Qa4 35. Nf4 Qxa2 36. Nh5 Qxb1+ 37. Kh2 1-0


[Site "https://www.chess.com"]

[Event "Titled Tuesday Blitz March 07 Early 2023"]
[White "Zahid, Sanatan"]
[Black "Sreyas Payyappat"]
[WhiteFideId "10201963"]
[BlackFideId "46674969"]
[WhiteElo "1865"]
[BlackElo "2083"]
[Result "1-0"]
[Round "10"]
[TimeControl "180+2"]
[Date "2023.03.07"]
[WhiteClock "0:01:15"]
[BlackClock "0:00:09"]

1. e4 c6 2. d4 d5 3. e5 Bf5 4. h4 Qc7 5. Nc3 h5 6. Nf3 e6 7. Bd3 Ne7 8. O-O a6 9. a4 c5 10. Ne2 c4 11. Bxf5 Nxf5 12. Ng3 g6 13. Bg5 Be7 14. Qd2 Nc6 15. c3 Qd8 16. Rfb1 Nxh4 17. Bxh4 Bxh4 18. b3 Bxg3 19. fxg3 Na5 20. bxc4 Nxc4 21. Qc1 Qc7 22. Rb4 O-O-O 23. Rab1 b6 24. Nd2 Nxd2 25. Qxd2 Kb7 26. Qb2 Ka7 27. Rxb6 Rb8 28. a5 Qd8 29. Rb7+ Ka8 30. Qb4 Qc8 31. Rb6 Rxb6 32. Qxb6 Rd8 33. Kh2 Rd7 34. Kh3 Rc7 35. Rb3 Rc6 36. Qb4 Rc4 37. Qe7 Qc7 38. Qe8+ Ka7 39. Rb6 Rxc3 40. Rd6 Qxa5 41. Qxf7+ Rc7 42. Qxe6 Qe1 43. Rxa6+ Kb8 44. Qb6+ Kc8 45. Ra8+ Kd7 46. Qd6# 1-0


[Site "https://www.chess.com"]

[Event "Titled Tuesday Blitz March 07 Early 2023"]
[White "Zacurdajev, Dmitry"]
[Black "Starozhilov, Leonid"]
[WhiteFideId "4196309"]
[BlackFideId "14106752"]
[WhiteElo "2179"]
[BlackElo "2402"]
[Result "0-1"]
[Round "10"]
[TimeControl "180+2"]
[Date "2023.03.07"]
[WhiteClock "0:00:11"]
[BlackClock "0:01:02"]

1. d4 Nf6 2. c4 g6 3. Nc3 Bg7 4. e4 d6 5. Nf3 Bg4 6. Be2 O-O 7. O-O a6 8. h3 Bxf3 9. Bxf3 Nfd7 10. Bg5 c5 11. d5 b5 12. Be2 bxc4 13. Bxc4 Nb6 14. Be2 N8d7 15. Rb1 c4 16. Kh1 Nc5 17. f4 Bxc3 18. bxc3 Nxe4 19. Qd4 Ng3+ 20. Kh2 Nxe2 21. Qxb6 Nxc3 22. Qxd8 Rfxd8 23. Rbc1 Nxd5 24. Rxc4 Rdc8 25. Rd4 e6 26. Ra4 Kg7 27. Bh4 Rc2 28. Bf2 f6 29. Kg1 h6 30. Re1 Kf7 31. Rb1 Rac8 32. Rb7+ R8c7 33. Rb8 R2c6 34. Ra8 g5 35. fxg5 hxg5 36. R4xa6 Rxa6 37. Rxa6 Rc2 38. Bd4 e5 39. Rxd6 Nf4 40. Bf2 Rxa2 41. h4 gxh4 42. Bxh4 Rxg2+ 43. Kf1 Rg6 44. Bf2 f5 45. Ra6 Rxa6 0-1


[Site "https://www.chess.com"]

[Event "Titled Tuesday Blitz March 07 Early 2023"]
[White "Fiorito, Francisco"]
[Black "Devaev, Alexander"]
[WhiteFideId "180165"]
[BlackFideId "4169395"]
[WhiteElo "2341"]
[BlackElo "2225"]
[Result "1-0"]
[Round "10"]
[TimeControl "180+2"]
[Date "2023.03.07"]
[WhiteClock "0:00:43"]
[BlackClock "0:00:02"]

1. d4 Nf6 2. Nc3 d5 3. Bf4 a6 4. e3 Nbd7 5. Nf3 c5 6. dxc5 Nxc5 7. Be2 Bg4 8. O-O e6 9. h3 Bh5 10. a3 Be7 11. Ne5 Bxe2 12. Qxe2 O-O 13. Rfd1 Rc8 14. Rab1 Bd6 15. Na2 Qc7 16. Nd3 Bxf4 17. Nxf4 Rfd8 18. c4 d4 19. exd4 Qxf4 20. dxc5 Ne4 21. b4 h6 22. f3 Ng3 23. Qc2 Nf5 24. Qe4 Qg3 25. Nc3 Nh4 26. Qg4 Qe5 27. Ne4 Nf5 28. Qh5 Qf4 29. Qg4 Qe3+ 30. Kh2 Qxa3 31. Rxd8+ Rxd8 32. b5 Ne3 33. Qh4 Rd2 34. Nxd2 Qa2 35. Qd8+ Kh7 36. c6 bxc6 37. bxc6 Qa5 38. Qd3+ Nf5 39. Re1 Qc7+ 40. Kh1 Qxc6 41. g4 Qd6 42. Qxd6 1-0


[Site "https://www.chess.com"]

[Event "Titled Tuesday Blitz March 07 Early 2023"]
[White "Mazurkiewicz, Michal"]
[Black "Vlassov, Nikolai"]
[WhiteFideId "1124943"]
[BlackFideId "4103360"]
[WhiteElo "2054"]
[BlackElo "2324"]
[Result "0-1"]
[Round "10"]
[TimeControl "180+2"]
[Date "2023.03.07"]
[WhiteClock "0:00:09"]
[BlackClock "0:00:43"]

1. e4 Nc6 2. Nf3 Nf6 3. d3 d5 4. Nbd2 e5 5. exd5 Qxd5 6. g3 Bc5 7. Bg2 O-O 8. O-O a5 9. Qe2 Bg4 10. c3 Rad8 11. Ne4 Be7 12. Nxf6+ Bxf6 13. Rd1 Rfe8 14. h3 Bh5 15. g4 Bg6 16. g5 Be7 17. Ne1 Qb5 18. Be3 e4 19. Bxe4 Bxe4 20. c4 Qf5 21. dxe4 Qxh3 22. Qf3 Qe6 23. Rd5 Ne5 24. Qe2 c6 25. Rxd8 Bxd8 26. b3 a4 27. Rd1 Bc7 28. Kg2 Ng6 29. Qf3 Nh4+ 0-1


[Site "https://www.chess.com"]

[Event "Titled Tuesday Blitz March 07 Early 2023"]
[White "Heinemann, Josefine"]
[Black "Jakubowski, Krzysztof"]
[WhiteFideId "12900460"]
[BlackFideId "1112848"]
[WhiteElo "2342"]
[BlackElo "2359"]
[Result "0-1"]
[Round "10"]
[TimeControl "180+2"]
[Date "2023.03.07"]
[WhiteClock "0:00:23"]
[BlackClock "0:00:29"]

1. e4 c5 2. Nf3 d6 3. d4 cxd4 4. Nxd4 Nf6 5. Nc3 a6 6. f3 e6 7. Be3 b5 8. Qd2 Nbd7 9. O-O-O Bb7 10. g4 Nb6 11. g5 Nfd7 12. h4 Rc8 13. h5 b4 14. Nb1 Ne5 15. Rg1 Nbc4 16. Bxc4 Nxc4 17. Qf2 Qa5 18. g6 Qxa2 19. gxf7+ Kxf7 20. Rd3 Qxb2+ 21. Kd1 Qxb1+ 22. Ke2 Qa2 23. Qg3 Ne5 24. Qf4+ Ke8 25. Rd2 Qc4+ 26. Kf2 Rc7 27. h6 Ng6 28. Qg4 Bc8 29. Qh5 gxh6 30. e5 d5 31. Bxh6 Bxh6 32. Qxh6 Rf8 33. Rxg6 hxg6 34. Qxg6+ Kd8 35. Nxe6+ Bxe6 36. Qxe6 Rd7 37. Qb6+ Ke7 38. Qg6 Qh4+ 39. Ke2 Qh2+ 40. Kd3 Qf4 41. Qg7+ Rf7 0-1


[Site "https://www.chess.com"]

[Event "Titled Tuesday Blitz March 07 Early 2023"]
[White "Perez Gormaz, Matias"]
[Black "Matutururu, Maxman"]
[WhiteFideId "3406342"]
[BlackFideId "11004487"]
[WhiteElo "2362"]
[BlackElo "2428"]
[Result "0-1"]
[Round "10"]
[TimeControl "180+2"]
[Date "2023.03.07"]
[WhiteClock "0:00:07"]
[BlackClock "0:00:28"]

1. Nf3 d5 2. b3 Bg4 3. Bb2 Nd7 4. d4 Ngf6 5. g3 e6 6. Bg2 Bd6 7. Ne5 Bf5 8. O-O O-O 9. c4 c6 10. Nd2 h6 11. Rc1 Rc8 12. Re1 Qc7 13. Nxd7 Qxd7 14. f3 Bg6 15. e4 dxe4 16. fxe4 Bb4 17. e5 Ng4 18. h3 Nxe5 19. Rxe5 Bd6 20. Re3 f5 21. d5 Bc5 22. Qe2 cxd5 23. cxd5 Bxe3+ 24. Qxe3 Rxc1+ 25. Bxc1 exd5 26. Bb2 Re8 27. Qxa7 f4 28. gxf4 Re1+ 29. Kf2 Qe7 30. Qd4 Qh4+ 31. Kf3 Bh5# 0-1


[Site "https://www.chess.com"]

[Event "Titled Tuesday Blitz March 07 Early 2023"]
[White "Mikhalsky, Vladimir"]
[Black "Bews, Steven"]
[WhiteFideId "14144352"]
[BlackFideId "2400529"]
[WhiteElo "2272"]
[BlackElo "2580"]
[Result "0-1"]
[Round "10"]
[TimeControl "180+2"]
[Date "2023.03.07"]
[WhiteClock "0:00:32"]
[BlackClock "0:01:53"]

1. e4 c6 2. d3 d5 3. Nd2 e5 4. Ngf3 Bd6 5. g3 Nf6 6. Bg2 O-O 7. O-O h6 8. c3 Re8 9. a4 a5 10. h3 Na6 11. Qe2 Nc5 12. Re1 b6 13. exd5 cxd5 14. c4 e4 15. dxe4 dxe4 16. Nh2 Ba6 17. b3 e3 18. Ndf1 exf2+ 19. Qxf2 Rxe1 20. Qxe1 Ra7 21. Nd2 Re7 22. Qf1 Be5 23. Ra2 Bxg3 24. Nhf3 Bb7 25. Ba3 Re3 26. Bxc5 bxc5 27. Kh1 Nh5 28. Ng1 Bb8 29. Ne2 Rxe2 0-1


[Site "https://www.chess.com"]

[Event "Titled Tuesday Blitz March 07 Early 2023"]
[White "Moksh Amit Doshi"]
[Black "Shubenkova, Veronika"]
[WhiteFideId "25064967"]
[BlackFideId "44124040"]
[WhiteElo "2297"]
[BlackElo "2027"]
[Result "0-1"]
[Round "10"]
[TimeControl "180+2"]
[Date "2023.03.07"]
[WhiteClock "0:01:04"]
[BlackClock "0:01:36"]

1. e4 e6 2. d4 d5 3. Nc3 Nf6 4. e5 Nfd7 5. f4 c5 6. Nf3 cxd4 7. Nxd4 Nc6 8. Be3 Bc5 9. Qd2 a6 10. O-O-O Nxd4 11. Bxd4 b5 12. h4 Qb6 13. h5 Bb7 14. h6 g6 15. Bxc5 Nxc5 16. Qd4 O-O-O 17. g4 b4 18. Ne2 a5 19. Bh3 Kb8 20. Kb1 Rd7 21. Nc1 Rc8 22. Rh2 Rdc7 23. Nb3 a4 24. Nc1 Qa5 25. f5 gxf5 26. gxf5 a3 27. b3 Ne4 28. Re1 Rc6 29. fxe6 fxe6 30. Nd3 Rb6 31. Rg2 Ba6 32. Rg7 Bxd3 33. Qxd3 Qc5 34. Bg2 Nc3+ 35. Ka1 Nb5 36. Rxh7 Qf2 37. Qe3 Qxe3 38. Rxe3 Rxc2 39. Re1 Rxg2 40. Rg7 Rh2 41. h7 Nc3 42. Rg8+ Ka7 43. h8=Q Rxa2# 0-1


[Site "https://www.chess.com"]

[Event "Titled Tuesday Blitz March 07 Early 2023"]
[White "Kislov, Oleg"]
[Black "Dinu, Dumitru-Daniel"]
[WhiteFideId "13503774"]
[BlackFideId "1208403"]
[WhiteElo "2186"]
[BlackElo "2240"]
[Result "1-0"]
[Round "10"]
[TimeControl "180+2"]
[Date "2023.03.07"]
[WhiteClock "0:00:20"]
[BlackClock "0:00:14"]

1. Nf3 Nf6 2. g3 b5 3. Bg2 Bb7 4. O-O e6 5. a4 b4 6. b3 Be7 7. Bb2 O-O 8. d3 d5 9. Nbd2 a5 10. Ne5 Nfd7 11. e3 Nxe5 12. Bxe5 Nd7 13. Bb2 Bf6 14. Bxf6 Qxf6 15. Qe2 c5 16. e4 Rac8 17. f4 Qc3 18. Rac1 Nb6 19. e5 Ba6 20. Qf2 Nd7 21. Nf3 c4 22. dxc4 dxc4 23. bxc4 Bxc4 24. Rfd1 Nc5 25. Ng5 h6 26. Ne4 Nxe4 27. Bxe4 Rfd8 28. Kg2 Rxd1 29. Rxd1 b3 30. cxb3 Bxb3 31. Rd4 Rc4 32. Rd8# 1-0


[Site "https://www.chess.com"]

[Event "Titled Tuesday Blitz March 07 Early 2023"]
[White "Zhukova, Natalia"]
[Black "Santos Flores, Alberto"]
[WhiteFideId "14101513"]
[BlackFideId "3601234"]
[WhiteElo "2297"]
[BlackElo "2235"]
[Result "1-0"]
[Round "10"]
[TimeControl "180+2"]
[Date "2023.03.07"]
[WhiteClock "0:00:23"]
[BlackClock "0:02:04"]

1. c4 c5 2. Nf3 Nc6 3. d4 cxd4 4. Nxd4 g6 5. e4 Nf6 6. Nc3 d6 7. Be2 Nxd4 8. Qxd4 Bg7 9. Be3 O-O 10. Qd2 Be6 11. Rc1 Qa5 12. f3 Rfc8 13. b3 a6 14. Na4 Qxd2+ 15. Kxd2 Nd7 16. f4 Rab8 17. g4 f5 18. exf5 gxf5 19. g5 Nc5 20. Nxc5 dxc5 21. Bf3 b6 22. Rhe1 Kf7 23. Bh5+ Kf8 24. Bxc5 Rxc5 25. Rxe6 b5 26. Rxa6 bxc4 27. Rxc4 Rxc4 28. bxc4 Bd4 29. Kd3 Bc5 30. Ra5 Rd8+ 31. Kc2 Rc8 32. Bf3 e6 33. Kd3 Rd8+ 34. Ke2 Rc8 35. Ra8 Rxa8 36. Bxa8 Ke7 37. a4 Bb6 38. h4 Kf7 39. h5 Ke7 40. Bb7 Kf7 41. Bc8 Ke7 42. Kd3 Kf7 43. Kc3 Be3 44. a5 Bxf4 45. a6 Be3 46. Kb4 Ba7 47. Kb5 f4 48. Bb7 e5 49. Be4 1-0


[Site "https://www.chess.com"]

[Event "Titled Tuesday Blitz March 07 Early 2023"]
[White "Begunov, Konstantin"]
[Black "Leenhouts, Koen"]
[WhiteFideId "4118510"]
[BlackFideId "1008439"]
[WhiteElo "2079"]
[BlackElo "2409"]
[Result "1-0"]
[Round "10"]
[TimeControl "180+2"]
[Date "2023.03.07"]
[WhiteClock "0:00:24"]
[BlackClock "0:00:03"]

1. d4 d5 2. c4 c6 3. Nc3 Nf6 4. cxd5 cxd5 5. Bf4 Nc6 6. e3 a6 7. Nf3 Bg4 8. h3 Bxf3 9. Qxf3 Qb6 10. Rb1 Ne4 11. Nxe4 dxe4 12. Qxe4 Qa5+ 13. Kd1 Qxa2 14. Bd3 e6 15. Ke2 Be7 16. Rhc1 Rd8 17. Kf1 Qd5 18. Qxd5 exd5 19. Bxa6 Nxd4 20. Bxb7 Ne6 21. Bc6+ Kf8 22. Bg3 d4 23. e4 Nc5 24. b4 Nd3 25. Rc4 h5 26. b5 h4 27. Bc7 Rc8 28. b6 Bd8 29. Bd7 Ra8 30. b7 1-0


[Site "https://www.chess.com"]

[Event "Titled Tuesday Blitz March 07 Early 2023"]
[White "Szyszylo, Rafal"]
[Black "Bilan, Danila"]
[WhiteFideId "1109626"]
[BlackFideId "24161918"]
[WhiteElo "1951"]
[BlackElo "2182"]
[Result "1-0"]
[Round "10"]
[TimeControl "180+2"]
[Date "2023.03.07"]
[WhiteClock "0:01:18"]
[BlackClock "0:00:17"]

1. e4 c6 2. d4 d5 3. e5 c5 4. c3 Nc6 5. Be2 cxd4 6. cxd4 Bf5 7. Nf3 e6 8. O-O Nge7 9. Nc3 h6 10. Na4 g5 11. Be3 Ng6 12. Rc1 Be7 13. Nc5 Qb6 14. Qa4 Bxc5 15. Rxc5 Qxb2 16. Rxc6 bxc6 17. Qxc6+ Ke7 18. Bc1 Qxa2 19. Qd6+ 1-0


[Site "https://www.chess.com"]

[Event "Titled Tuesday Blitz March 07 Early 2023"]
[White "Ronka, Erik"]
[Black "Topalov, Aleksandar"]
[WhiteFideId "505080"]
[BlackFideId "925659"]
[WhiteElo "2264"]
[BlackElo "2151"]
[Result "1-0"]
[Round "10"]
[TimeControl "180+2"]
[Date "2023.03.07"]
[WhiteClock "0:00:03"]
[BlackClock "0:00:03"]

1. d4 Nf6 2. Bf4 b6 3. f3 d5 4. Nc3 Bb7 5. Qd2 e6 6. O-O-O Nbd7 7. e3 a6 8. g4 h6 9. h4 Bd6 10. Bh3 Qe7 11. g5 Nh5 12. Bxd6 Qxd6 13. Nge2 O-O-O 14. f4 hxg5 15. hxg5 g6 16. Rh2 Ng7 17. Rdh1 Kb8 18. Ng1 a5 19. Nf3 Ba6 20. Ne5 Nxe5 21. fxe5 Qd7 22. Qg2 Qe7 23. Nd1 Rdg8 24. Nf2 Nf5 25. Qf3 Rh5 26. Bxf5 Rxh2 27. Rxh2 gxf5 28. Nh3 Rh8 29. Rg2 Bf1 30. Qxf1 Rxh3 31. Qf2 Qf8 32. a3 Qg7 33. Kb1 Rh5 34. Qg1 Qg6 35. Ka2 Rh3 36. Rg3 Rh4 37. Qf1 Qh5 38. Qb5 Kb7 39. Qd7 Qg6 40. Qe7 f4 41. exf4 Rxf4 42. Rc3 1-0


[Site "https://www.chess.com"]

[Event "Titled Tuesday Blitz March 07 Early 2023"]
[White "Ramirez Allo, Eduardo"]
[Black "Kostiukov, Alexandr"]
[WhiteFideId "2224178"]
[BlackFideId "14108100"]
[WhiteElo "2496"]
[BlackElo "2202"]
[Result "0-1"]
[Round "10"]
[TimeControl "180+2"]
[Date "2023.03.07"]
[WhiteClock "0:00:19"]
[BlackClock "0:00:14"]

1. d4 g6 2. Nf3 Bg7 3. c4 d6 4. g3 e5 5. dxe5 dxe5 6. Qxd8+ Kxd8 7. Bg2 f6 8. O-O Be6 9. b3 c6 10. Nc3 Nd7 11. Be3 Bh6 12. Bxh6 Nxh6 13. Rfd1 Ke7 14. Nd2 Nf7 15. Nde4 f5 16. Nd2 Rhd8 17. e3 e4 18. Bf1 Nfe5 19. Kg2 Nc5 20. h3 a5 21. f4 exf3+ 22. Nxf3 Nxf3 23. Kxf3 Kf6 24. Rd4 Bf7 25. Rad1 Ne6 26. R4d2 Rxd2 27. Rxd2 Nc5 28. h4 h6 29. Bh3 Ke5 30. Ne2 g5 31. hxg5 hxg5 32. Bf1 Bh5+ 33. Kg2 Rh8 34. Nd4 Ne4 35. Rd3 Bg4 36. Nf3+ Bxf3+ 37. Kxf3 Rh2 38. g4 Rf2# 0-1


[Site "https://www.chess.com"]

[Event "Titled Tuesday Blitz March 07 Early 2023"]
[White "Yosha_Iglesias"]
[Black "Bogaudinov, Rushan"]
[BlackFideId "4129288"]
[WhiteElo "2493"]
[BlackElo "1949"]
[Result "1-0"]
[Round "10"]
[TimeControl "180+2"]
[Date "2023.03.07"]
[WhiteClock "0:00:24"]
[BlackClock "0:00:09"]

1. d4 d5 2. Nf3 Nf6 3. e3 e6 4. Bd3 c5 5. c3 Nc6 6. Nbd2 Be7 7. O-O O-O 8. dxc5 Bxc5 9. e4 a6 10. e5 Nd7 11. Re1 b5 12. Nb3 Be7 13. Bf4 Bb7 14. Rc1 Rc8 15. Bb1 Na5 16. Nbd4 b4 17. Qd3 g6 18. Bh6 Re8 19. cxb4 Bxb4 20. Rxc8 Qxc8 21. Rc1 Qb8 22. Qe3 Nc4 23. Qf4 Ncxe5 24. Ng5 Rc8 25. Rd1 Bd6 26. h4 Rc4 27. h5 f6 28. Ngxe6 Nf7 29. hxg6 hxg6 30. Qg4 Nde5 31. Qh3 Nxh6 32. Qxh6 Rc7 33. Nxc7 Qxc7 34. Bxg6 Qg7 35. Qxg7+ Kxg7 36. Nf5+ Kxg6 37. Nxd6 Bc6 38. f4 Nc4 39. Nxc4 dxc4 40. Rd6 Bb5 41. Kf2 Kf5 42. Kf3 Kg6 43. g4 Kf7 44. Ke3 Ke7 45. Rb6 Bd7 46. f5 a5 47. Kf4 a4 48. a3 Be8 49. g5 fxg5+ 50. Kxg5 Bf7 51. f6+ Kd7 52. Rb7+ Ke6 53. Re7+ 1-0


[Site "https://www.chess.com"]

[Event "Titled Tuesday Blitz March 07 Early 2023"]
[White "Ruge, Edison"]
[Black "Gonzalez, Francisco Silva"]
[WhiteFideId "4401000"]
[BlackFideId "1512285"]
[WhiteElo "2175"]
[BlackElo "2074"]
[Result "1-0"]
[Round "10"]
[TimeControl "180+2"]
[Date "2023.03.07"]
[WhiteClock "0:00:34"]
[BlackClock "0:00:17"]

1. e4 e6 2. d3 d5 3. Nd2 dxe4 4. dxe4 Nf6 5. Ngf3 a6 6. g3 Bc5 7. Bg2 Nc6 8. O-O O-O 9. Qe2 Nd4 10. Nxd4 Bxd4 11. c3 Ba7 12. e5 Nd5 13. Ne4 h6 14. Rd1 Qe7 15. a3 Bd7 16. c4 Nb6 17. b3 Bc6 18. Be3 Rfd8 19. b4 Nd7 20. Bxa7 Bxe4 21. Qxe4 Rxa7 22. Rd3 Nf8 23. Rad1 Rxd3 24. Qxd3 c6 25. Qd8 Qg5 26. Qb8 Kh7 27. Qxa7 Qxe5 28. Qe3 Qb2 29. Qc1 Qe5 30. h4 h5 31. Bf3 g6 32. Kg2 Kg8 33. Rd8 Qf6 34. Qd2 a5 35. Qd6 Qg7 36. Qb8 axb4 37. axb4 f5 38. Qd6 e5 39. b5 e4 40. Be2 Qf7 41. bxc6 bxc6 42. Qxc6 Kg7 43. Qd5 Qe7 44. Qd4+ Kh7 45. Qd6 Qxd6 46. Rxd6 Kg7 47. c5 Kf7 48. Bc4+ Ke7 49. Ra6 Nd7 50. Ra7 Kd8 51. Rxd7+ Kxd7 52. Bd5 Ke7 53. Kf1 Kf6 54. Ke2 Ke5 55. Bf7 Kf6 56. Be8 g5 57. Bxh5 gxh4 58. gxh4 f4 59. f3 e3 60. Kd3 Ke7 61. Bg6 Ke6 62. Be4 Ke5 63. h5 Kf6 64. h6 Kf7 65. c6 Ke7 66. h7 Kd6 67. h8=Q Kc7 68. Qe5+ Kb6 69. Qxf4 e2 70. Kxe2 Kc5 71. Qe5+ Kb6 72. f4 Ka6 73. f5 Kb6 74. f6 Ka6 75. f7 Kb6 76. f8=Q Ka6 77. Qa3+ 1-0


[Site "https://www.chess.com"]

[Event "Titled Tuesday Blitz March 07 Early 2023"]
[White "Odegov, Artem"]
[Black "Fabris, Alberto"]
[WhiteFideId "34183644"]
[BlackFideId "801348"]
[WhiteElo "2300"]
[BlackElo "2179"]
[Result "1-0"]
[Round "10"]
[TimeControl "180+2"]
[Date "2023.03.07"]
[WhiteClock "0:01:25"]
[BlackClock "0:00:19"]

1. b3 e5 2. Bb2 Nc6 3. g3 d5 4. Bg2 Nf6 5. c4 Be7 6. Nf3 e4 7. Ne5 Nxe5 8. Bxe5 dxc4 9. bxc4 O-O 10. O-O c6 11. Nc3 Bf5 12. Qb3 Qb6 13. Rab1 Qxb3 14. Rxb3 b6 15. Bxf6 Bxf6 16. Nxe4 Bxe4 17. Bxe4 Rac8 18. e3 c5 19. a4 Rfd8 20. Bd5 Kf8 21. Rfb1 Rd6 22. a5 Bd8 23. axb6 Bxb6 24. Ra3 Rc7 25. Kf1 Ke7 26. Ke2 g6 27. d3 f5 28. h4 Kf6 29. Raa1 Re7 30. h5 g5 31. f4 gxf4 32. gxf4 Rg7 33. Kf3 Rdd7 34. Rg1 Rxg1 35. Rxg1 a5 36. h6 a4 37. e4 fxe4+ 38. dxe4 a3 39. e5+ Ke7 40. Rg7+ Kd8 41. Rg8+ Kc7 42. Ra8 Rd8 43. Rxa3 Rf8 44. Ra8 Rf5 45. Kg4 1-0


[Site "https://www.chess.com"]

[Event "Titled Tuesday Blitz March 07 Early 2023"]
[White "Bowden, Karl"]
[Black "Borrmann, Laurenz"]
[WhiteFideId "400548"]
[BlackFideId "312187930"]
[WhiteElo "2431"]
[BlackElo "2312"]
[Result "0-1"]
[Round "10"]
[TimeControl "180+2"]
[Date "2023.03.07"]
[WhiteClock "0:00:03"]
[BlackClock "0:00:21"]

1. e4 c5 2. c3 Nf6 3. e5 Nd5 4. d4 cxd4 5. cxd4 d6 6. Nf3 Nc6 7. Bc4 Nb6 8. Bb5 dxe5 9. Nxe5 Bd7 10. Nc3 Nxe5 11. dxe5 e6 12. O-O a6 13. Bxd7+ Nxd7 14. Re1 Rc8 15. Qf3 Bb4 16. Qg3 Bxc3 17. Qxg7 Bxe1 18. Qxh8+ Nf8 19. Bh6 Bb4 20. a3 Be7 21. Rf1 Qd4 22. Bg7 Qxb2 23. Bxf8 Bxf8 24. Qxh7 Rc1 25. Qe4 Qa1 26. Qa4+ b5 0-1


[Site "https://www.chess.com"]

[Event "Titled Tuesday Blitz March 07 Early 2023"]
[White "Pourkashiyan, Atousa"]
[Black "Garv Gaur"]
[WhiteFideId "12502014"]
[BlackFideId "45030839"]
[WhiteElo "2228"]
[BlackElo "2068"]
[Result "0-1"]
[Round "10"]
[TimeControl "180+2"]
[Date "2023.03.07"]
[WhiteClock "0:00:12"]
[BlackClock "0:01:13"]

1. e4 c6 2. d4 d5 3. Nd2 g6 4. Ngf3 Bg7 5. h3 dxe4 6. Nxe4 Nf6 7. Nxf6+ exf6 8. Bd3 O-O 9. O-O a5 10. c3 Na6 11. Bf4 Nc7 12. Qd2 Nd5 13. Bh6 Be6 14. Rfe1 a4 15. Bxg7 Kxg7 16. Re2 Qd7 17. Rae1 Rfe8 18. Qc1 Qd6 19. Nd2 Nf4 20. Re3 c5 21. Ne4 Qc6 22. dxc5 Bf5 23. f3 Rad8 24. Bf1 Bxe4 25. Rxe4 Qxc5+ 26. Kh1 Rxe4 27. Rxe4 g5 28. Rxa4 Qf2 29. Re4 Rd2 30. Qe1 Nxh3 31. Re2 Qg1# 0-1


[Site "https://www.chess.com"]

[Event "Titled Tuesday Blitz March 07 Early 2023"]
[White "Kopczynski, Michal"]
[Black "Mouhamad, Joachim"]
[WhiteFideId "1124200"]
[BlackFideId "656410"]
[WhiteElo "2212"]
[BlackElo "2164"]
[Result "1-0"]
[Round "10"]
[TimeControl "180+2"]
[Date "2023.03.07"]
[WhiteClock "0:00:06"]
[BlackClock "0:00:16"]

1. e4 c5 2. d4 cxd4 3. c3 dxc3 4. Nxc3 Nc6 5. f4 e5 6. Nf3 Bb4 7. Bc4 Nf6 8. O-O O-O 9. fxe5 Bc5+ 10. Kh1 Ng4 11. Qe1 Ncxe5 12. Nxe5 Nxe5 13. Bb3 d6 14. Qg3 Be6 15. Bh6 Ng6 16. Bg5 Qd7 17. Ba4 Qc7 18. h4 h5 19. Bd1 Bg4 20. Bxg4 hxg4 21. Qxg4 Ne5 22. Qh5 f6 23. Bf4 Qf7 24. Qxf7+ Kxf7 25. Nd5 Rh8 26. g3 Rac8 27. Rac1 Bd4 28. b3 Ke6 29. Kg2 Nd3 30. Rcd1 Rc2+ 31. Kf3 Ne5+ 32. Bxe5 dxe5 33. a4 Rhc8 34. g4 Rb2 35. Rd3 Rcc2 36. g5 Rh2 37. gxf6 gxf6 38. Kg4 Rbg2+ 39. Rg3 Rf2 40. Rxf2 Bxf2 41. Rh3 Rxh3 42. Kxh3 f5 43. Nc7+ Kd7 44. Nd5 fxe4 45. Nf6+ Ke6 46. Nxe4 Be3 47. Kg4 Kd5 48. Kf5 Kd4 49. h5 Bc1 50. Ng5 Bxg5 51. Kxg5 e4 52. h6 e3 53. h7 e2 54. h8=Q+ Kd3 55. Qe5 Kd2 56. Qd5+ 1-0


[Site "https://www.chess.com"]

[Event "Titled Tuesday Blitz March 07 Early 2023"]
[White "Turzo, Attila"]
[Black "Zherebtsova, Alexandra"]
[WhiteFideId "704954"]
[BlackFideId "24129518"]
[WhiteElo "2515"]
[BlackElo "2055"]
[Result "1-0"]
[Round "10"]
[TimeControl "180+2"]
[Date "2023.03.07"]
[WhiteClock "0:00:24"]
[BlackClock "0:00:02"]

1. e4 e5 2. Nf3 Nc6 3. d4 exd4 4. Nxd4 Bb4+ 5. c3 Bc5 6. Nxc6 bxc6 7. Bc4 Qh4 8. O-O Nf6 9. Qf3 Qxe4 10. Qxe4+ Nxe4 11. Bd3 d5 12. Nd2 f5 13. g3 O-O 14. Kg2 a5 15. f3 Nd6 16. Nb3 Bb6 17. Bf4 Ba6 18. Bxa6 Rxa6 19. Nd4 c5 20. Ne6 Re8 21. Rfe1 h6 22. Rad1 Kf7 23. Bxd6 cxd6 24. Nf4 Rxe1 25. Rxe1 d4 26. Nd5 Bd8 27. cxd4 cxd4 28. Kf2 Rc6 29. Re2 Rc5 30. Nf4 Bf6 31. Nd3 Rb5 32. Ke1 a4 33. Rc2 g5 34. Rc7+ Kg6 35. Kd2 Ra5 36. Rc6 a3 37. b4 Rd5 38. Kc2 f4 39. g4 h5 40. h3 hxg4 41. hxg4 Be5 42. Kb3 Kf6 43. Kc4 Ke6 44. Nc5+ Rxc5+ 45. bxc5 d3 46. Kxd3 Kd5 47. Ra6 dxc5 48. Rxa3 c4+ 49. Kc2 Kd4 50. Kd2 Bd6 51. Ra4 Bc5 52. a3 Bb6 53. Ra6 Bc5 54. Ke2 c3 55. Ra4+ Kd5 56. Kd3 c2 57. Kxc2 1-0


[Site "https://www.chess.com"]